 Dungeon Sprint DCSS version 0.31.0-12-g77e489cdc1 (webtiles) character file.

Game seed: 18020419070062624464

161 Heoruswealwe the Spear-Bearer (level 5, -4/52 HPs)
             Began as a Minotaur Fighter on Feb 15, 2024.
             Slain by a gnoll sergeant
             ... wielding a +0 spear
              (7 damage)
             ... in the Dungeon (Sprint IX: "|||||||||||||||||||||||||||||").
             The game lasted 00:01:18 (123 turns).

Heoruswealwe the Spear-Bearer (Minotaur Fighter)     Turns: 123, Time: 00:01:20

Health: -4/52      AC:  7    Str: 22    XL:     5   Next: 18%
Magic:  4/4        EV:  9    Int:  5    God:
Gold:   0          SH:  4    Dex: 10    Spells: 4/4 levels left

rFire   . . .        a - +0 trident
rCold   . . .        d - +0 buckler
rNeg    . . .        c - +0 scale mail
rPois   .            (helmet restricted)
rElec   .            (no cloak)
rCorr   .            (no gloves)
SInv    .            (no boots)
Will    .....        (no amulet) Stlth
                     (no ring)
HPRegen 0.28/turn    (no ring)
MPRegen 0.09/turn

%: no teleportation
@: no status effects
A: horns 2, retaliatory headbutt
a: no special abilities


You were in the Dungeon.
You visited 1 branch

Inventory:

Hand Weapons
 a - a +0 trident (weapon)
Armour
 c - a +0 scale mail (worn)
 d - a +0 buckler (worn)
Jewellery
 n - a +3 ring of strength
 o - a +3 ring of dexterity
Wands
 m - a wand of roots (10)
Scrolls
 j - 2 scrolls of blinking
 l - 2 scrolls of amnesia
Potions
 b - a potion of might
 e - a potion of invisibility
 f - 2 potions of heal wounds
 g - a potion of haste
 h - 2 potions of magic
 i - a potion of berserk rage
 k - 4 potions of curing


   Skills:
 + Level 7.2 Fighting
 * Level 9.2 Polearms
 + Level 7.3 Armour
 - Level 3.6 Shields


You had 4 spell levels left.
You didn't know any spells.
Your spell library was empty.

Dungeon Overview and Level Annotations

Branches:
Dungeon (1/1)

Altars:
Cheibriados
Dithmenos
Elyvilon
Fedhas
Gozag
Hepliaklqana
Kikubaaqudgha
Makhleb
Nemelex Xobeh
Okawaru
Qazlal
Ru
Sif Muna
Trog
Uskayaw
Vehumet
Wu Jian
Xom
Yredelemnul
Zin
The Shining One
Jiyva
Lugonu


Innate Abilities, Weirdness & Mutations

You have a pair of horns on your head.
You reflexively headbutt those who attack you in melee.


Message History

You see here a +1 chain mail.
n - a +3 ring of strength
o - a +3 ring of dexterity You open the door.
A kobold demonologist, 2 yaks, a gnoll sergeant, a vampire and a howler monkey come into view.
The yak bellows! x2; The gnoll sergeant shouts!
The howler monkey howls!
The kobold demonologist mumbles some strange words.
You puncture the howler monkey!
The howler monkey is severely wounded.
The howler monkey hoots and howls with incredible vigour!
The kobold demonologist gestures wildly while chanting.
You puncture the howler monkey!
You kill the howler monkey!
Your Fighting skill increases to level 7!
Your Polearms skill increases to level 9!
Your Armour skill increases to level 7!
You have reached level 5!
You hit the vampire.
The vampire is lightly damaged.
The vampire barely misses you. You furiously retaliate!
You headbutt the vampire. The vampire barely misses you.
The gnoll sergeant hits you from afar with a +0 spear!
* * * LOW HITPOINT WARNING * * *
You barely miss the vampire. Your headbutt misses the vampire.
The vampire is moderately damaged.
The vampire hits you but does no damage.
The vampire bites you!
* * * LOW HITPOINT WARNING * * *
The vampire draws strength from your injuries!
The gnoll sergeant barely misses you.
You puncture the vampire!
The vampire is moderately damaged.
You hit the vampire.
The vampire is moderately damaged.
The vampire hits you but does no damage.
The vampire bites you.
* * * LOW HITPOINT WARNING * * *
The vampire draws strength from your injuries!
The gnoll sergeant hits you from afar with a +0 spear!
You die...

▓.▓
▓Y▓
▓K▓
▓Y▓
▓4▓
▓g▓
▓V▓
▓@▓
▓.▓
▓[▓
▓[▓
▓[▓
▓.▓
▓)▓
▓.▓
▓!▓


You could see an orange demon (summoned), a kobold demonologist, 2 yaks, a
vampire and a gnoll sergeant.

Vanquished Creatures
  An ice beast (D)
  A howler monkey (D)
  An orc wizard (D)
  An orc (D)
  A giant cockroach (D)
  A goblin (D)
  A hobgoblin (D)
  2 quokkas (D)
  A bat (D)
  A rat (D)
11 creatures vanquished.

Notes
Turn   | Place    | Note
-------+----------+-------------------------------------------
     0 | D        | Heoruswealwe the Minotaur Fighter began the quest for the
                  | Orb.
     0 | D        | Reached XP level 1. HP: 19/19 MP: 0/0
    17 | D        | Reached skill level 3 in Polearms
    27 | D        | Noticed an ice beast
    27 | D        | Noticed an orc wizard
    32 | D        | Reached skill level 4 in Polearms
    33 | D        | Reached XP level 2. HP: 28/28 MP: 1/1
    58 | D        | Reached skill level 5 in Fighting
    58 | D        | Reached skill level 5 in Polearms
    58 | D        | Reached skill level 5 in Armour
    58 | D        | Reached XP level 3. HP: 22/36 MP: 2/2
    67 | D        | Killed an ice beast
    68 | D        | Reached skill level 8 in Polearms
    68 | D        | Reached XP level 4. HP: 6/45 MP: 3/3
    75 | D        | Found a snail-covered altar of Cheibriados.
    75 | D        | Found a shadowy altar of Dithmenos.
    75 | D        | Found a white marble altar of Elyvilon.
    75 | D        | Found a blossoming altar of Fedhas.
    75 | D        | Found an opulent altar of Gozag.
    76 | D        | Found a hazy altar of Hepliaklqana.
    77 | D        | Found a viscous altar of Jiyva.
    78 | D        | Found an ancient bone altar of Kikubaaqudgha.
    79 | D        | Found a corrupted altar of Lugonu.
    80 | D        | Found a burning altar of Makhleb.
    81 | D        | Found a sparkling altar of Nemelex Xobeh.
    82 | D        | Found an iron altar of Okawaru.
    83 | D        | Found a stormy altar of Qazlal.
    84 | D        | Found a sacrificial altar of Ru.
    85 | D        | Found a shimmering blue altar of Sif Muna.
    86 | D        | Found a bloodstained altar of Trog.
    87 | D        | Found a hide-covered altar of Uskayaw.
    88 | D        | Found a radiant altar of Vehumet.
    89 | D        | Found an ornate altar of the Wu Jian Council.
    90 | D        | Found a shimmering altar of Xom.
    91 | D        | Found a basalt altar of Yredelemnul.
    92 | D        | Found a glowing silver altar of Zin.
    93 | D        | Found a glowing golden altar of the Shining One.
   117 | D        | Noticed a yak
   117 | D        | Noticed a kobold demonologist
   117 | D        | Noticed a yak
   117 | D        | Noticed a gnoll sergeant
   117 | D        | Noticed a vampire
   119 | D        | Noticed an orange demon
   120 | D        | Reached skill level 9 in Polearms
   120 | D        | Reached XP level 5. HP: 23/52 MP: 4/4
   123 | D        | Slain by a gnoll sergeant

Illustrated notes

Levels and vault maps discovered:
D:        linesprint [early_d, line_temple, items_1, d_10, items_2, lair_1,
          lair_end, items_3, orc_1, orc_end, items_4, d_15, swamp_1, shoals_1,
          snake_1, spider_1, d_20, vaults_1, items_5, swamp_end, shoals_end,
          snake_end, spider_end, vaults_end, d_27, items_6, zot_1, zot_end,
          crypt_end, forest_end, elf_end, slime_end, tomb_end, abyss_end,
          pan_hell_end]

Skill      XL: |  1  2  3  4 |
---------------+-------------+-----
Polearms       | 4 5 8 9 |  9.2
Fighting       | 4 5 6 7 |  7.2
Armour         | 4 5 6 7 |  7.3
Shields        | |  3.6

Action                     |  1- 3 |  4- 6 || total
---------------------------+-------+-------++-------
  Melee: Trident           |    49 |     7 ||    56
         Headbutt          |     8 |       ||     8
    Use: Potion            |     2 |       ||     2
 Armour: Scale mail        |    42 |     6 ||    48
  Dodge: Dodged            |    12 |     3 ||    15
  Block: Buckler           |     9 |       ||     9
